 Dungeon Crawl Stone Soup version 0.30-a0-830-gfe289a77b0 (webtiles) character file.

Game seed: 17330410999772284486

2461 avis the Slasher (level 9, -1/74 HPs)
             Began as a Demigod Warper on Mar 1, 2023.
             Shot with a bolt by an orc warrior (14 damage)
             ... in a bailey.
             The game lasted 00:48:40 (6800 turns).

avis the Slasher (Demigod Warper)                   Turns: 6800, Time: 00:48:41

Health: -1/74      AC:  6    Str: 12    XL:     9   Next: 5%
Magic:  15/15      EV: 14    Int: 15    God:
Gold:   339        SH:  0    Dex: 25    Spells: 7/12 levels left

rFire   . . .      SeeInvis .    b - +0 shortbow
rCold   . . .      Faith    .    (shield currently unavailable)
rNeg    . . .      Spirit   .    B - +0 leather armour
rPois   .          Reflect  .    g - +0 helmet
rElec   .          Harm     .    l - +0 cloak
rCorr   .          Rampage  .    K - +0 pair of gloves
Will    .....                    (no boots)
Stlth   ++                       s - amulet of regeneration
HPRegen 1.12/turn                (no ring)
MPRegen 0.14/turn                (no ring)

@: no status effects
A: high MP 1, forlorn, divine attributes
a: no special abilities


You were in a bailey.
You visited 1 branch of the dungeon, and saw 7 of its levels.
You also visited: Ossuary and Bailey.

You collected 339 gold pieces.

Inventory:

Hand Weapons
 a - a +1 dagger of venom
 b - a +0 shortbow (weapon)
 j - a +1 hand axe of distortion
 w - a +0 falchion
 G - a +0 dagger of venom
 J - a +0 sling
Missiles
 d - 7 boomerangs of dispersal
 p - a throwing net
 u - 7 poisoned darts
 E - a curare-tipped dart
Armour
 g - a +0 helmet (worn)
 l - a +0 cloak (worn)
 B - a +0 leather armour (worn)
 H - the +1 robe "Muapei Cuir" {rF++ rN++ Str-5}
   (You found it on level 5 of the Dungeon)

   Str:       It affects your strength (-5).
   rF:        It greatly protects you from fire.
   rN:        It greatly protects you from negative energy.
 I - the +3 scale mail "Jerugg" {rElec}
   (You found it on level 5 of the Dungeon)

   rElec:     It insulates you from electricity.
 K - a +0 pair of gloves (worn)
Jewellery
 r - a ring of fire
 s - an amulet of regeneration (around neck)
Wands
 R - a wand of roots (10)
Scrolls
 c - a scroll of blinking
 f - 2 scrolls of noise {unknown}
 h - 4 scrolls of vulnerability
 m - 2 scrolls of immolation {unknown}
 q - 3 scrolls of teleportation {unknown}
 v - 2 scrolls of enchant armour {unknown}
 y - a scroll of magic mapping {unknown}
 z - a scroll of amnesia {unknown}
 D - 2 scrolls of enchant weapon {unknown}
 P - a scroll of poison {unknown}
 S - a scroll of fear {unknown}
Potions
 e - a potion of curing
 k - a potion of brilliance
 n - a potion of invisibility {unknown}
 o - a potion of flight {unknown}
 t - a potion of ambrosia {unknown}
 x - 2 potions of berserk rage
 A - a potion of heal wounds
 C - a potion of magic {unknown}
 F - 2 potions of haste
 L - 2 potions of lignification
 M - 2 potions of might {unknown}
 N - a potion of degeneration {unknown}
 Q - a potion of cancellation {unknown}


   Skills:
 - Level 5.0 Fighting
 * Level 7.6 Long Blades
 - Level 6.0 Ranged Weapons
 - Level 0.8 Throwing
 - Level 0.8 Armour
 - Level 4.0 Dodging
 - Level 1.0 Stealth
 - Level 2.0 Spellcasting
 - Level 3.0 Translocations


You had 7 spell levels left.
You knew the following spells:

 Your Spells              Type           Power      Damage    Failure   Level
b - Blink                 Tloc           20%        N/A       12%         2
o - Teleport Other        Tloc           10%        N/A       24%         3

Your spell library contained the following spells:

 Spells                   Type           Power      Damage    Failure   Level
 Lesser Beckoning         Tloc           20%        N/A       12%         2
 Vhi's Electric Charge    Tloc/Air       12%        N/A       41%         3
 Manifold Assault         Tloc           10%        N/A       63%         4
 Summon Ice Beast         Ice/Summ       1%         N/A       95%         4
 Summon Mana Viper        Hex/Summ       1%         N/A       100%        5
 Monstrous Menagerie      Summ           0%         N/A       100%        7


Dungeon Overview and Level Annotations

Branches:
Dungeon (7/15)            Ossuary (visited)          Bailey (1/1)
 Temple: D:4-7


Innate Abilities, Weirdness & Mutations

You have an increased reservoir of magic. (+10% MP)
You shall have no god before yourself.
Your divine heritage dramatically boosts your attributes as you level up.


Message History

You shoot an arrow. The arrow hits the orc warrior.
The orc warrior is almost dead.
The orc warrior shoots a bolt.
The bolt hits you!!
The orc warrior shoots a bolt.
The bolt misses you.
Fire: b) +0 shortbow
Press: ? - help, Q - select action, (/) - cycle Shift-Dir - straight line, f/p - orc warrior
Aim: an orc warrior, wielding a +0 arbalest and wearing a +0 ring mail (almost dead, 63% to hit)
You shoot an arrow. The arrow hits the orc warrior.
You kill the orc warrior!
The orc warrior shoots a bolt.
The bolt barely misses you.
Fire: b) +0 shortbow
Press: ? - help, Q - select action, (/) - cycle Shift-Dir - straight line, f - orc warrior
Aim: an orc warrior, wielding a +0 arbalest and wearing a +0 scale mail (63% to hit)
You shoot an arrow. The arrow hits the orc warrior.
The orc warrior is moderately wounded.
Fire: b) +0 shortbow
Press: ? - help, Q - select action, (/) - cycle Shift-Dir - straight line, f/p - orc warrior
Aim: an orc warrior, wielding a +0 arbalest and wearing a +0 scale mail (moderately wounded, 63% to hit)
You shoot an arrow. The arrow hits the orc warrior!
The orc warrior is severely wounded.
The orc warrior shoots a bolt.
The bolt closely misses you.
Fire: b) +0 shortbow
Press: ? - help, Q - select action, (/) - cycle Shift-Dir - straight line, f/p - orc warrior
Aim: an orc warrior, wielding a +0 arbalest and wearing a +0 scale mail (severely wounded, 63% to hit)
You shoot an arrow.
The arrow hits the orc warrior but does no damage.
The orc warrior is severely wounded.
The orc shoots a bolt.
The bolt closely misses you.
The orc warrior shoots a bolt.
The bolt hits you!
* * * LOW HITPOINT WARNING * * *
The orc warrior shoots a bolt.
The bolt hits you!
* * * LOW HITPOINT WARNING * * *
Fire: b) +0 shortbow
Press: ? - help, Q - select action, (/) - cycle Shift-Dir - straight line, f/p - orc warrior
Aim: an orc warrior, wielding a +0 arbalest and wearing a +0 scale mail (severely wounded, 63% to hit)
You shoot an arrow.
The arrow closely misses the orc warrior.
The orc warrior shoots a bolt.
The bolt closely misses you.
The orc warrior shoots a bolt.
The bolt hits you!
You die...

#.∩...........
#.............
#.............
#......≈≈≈≈≈..
#.....≈≈###≈≈.
#.....≈##.##
#.....≈#....
#.....≈##oo#
#...@.≈≈#o##≈
#......≈≈o≈≈≈
#.......o....
#............
#............
#............
#............
#............
#............


You could see 2 orc warriors.

Vanquished Creatures
  A wraith (D:5)
  A shadow (D:7)
  Menkaure (Ossuary)
  2 water moccasins (D:6)
  Duvessa (D:6)
  An ice beast (D:6)
  An orc warrior (Bailey)
  A sky beast (D:6)
  A black bear (D:7)
  A centaur (D:5)
  A phantom (D:6)
  A bullfrog (D:6)
  A necrophage (D:4)
  4 scorpions
  Dowan (D:6)
  4 hounds
  2 jellies
  An iron imp (D:4)
  A gnoll bouda (D:5)
  4 iguanas
  2 orc wizards
  3 mummies (Ossuary)
  Robin (D:4)
  5 gnolls (D:5)
  16 adders
  2 river rats (D:6)
  3 white imps
  A worm (D:6)
  2 dart slugs
  5 orcs
  6 endoplasms
  3 giant cockroaches
  6 gnoll zombies (Ossuary)
  18 goblins
  10 hobgoblins
  3 quokkas
  17 ball pythons
  9 bats
  3 frilled lizards
  6 gnoll skeletons (Ossuary)
  2 goblin skeletons (Ossuary)
  2 goblin zombies (Ossuary)
  3 hobgoblin skeletons (Ossuary)
  3 hobgoblin zombies (Ossuary)
  7 kobolds
  6 kobold skeletons (Ossuary)
  3 kobold zombies (Ossuary)
  5 orc skeletons (Ossuary)
  5 orc zombies (Ossuary)
  9 rats
  3 rat skeletons (Ossuary)
  6 rat zombies (Ossuary)
206 creatures vanquished.

Notes
Turn   | Place    | Note
-------+----------+-------------------------------------------
     0 | D:1      | avis the Demigod Warper began the quest for the Orb.
     0 | D:1      | Reached XP level 1. HP: 17/17 MP: 5/5
   111 | D:1      | Reached skill level 2 in Long Blades
   193 | D:1      | Reached XP level 2. HP: 24/24 MP: 7/7
   933 | D:2      | Reached skill level 3 in Long Blades
   973 | D:2      | Reached XP level 3. HP: 29/29 MP: 8/8
  1635 | D:2      | Learned a level 2 spell: Blink
  2089 | D:3      | Reached XP level 4. HP: 36/36 MP: 9/9
  2131 | D:3      | Reached skill level 4 in Long Blades
  2156 | D:3      | Noticed a +0 dagger
  2156 | D:3      | Noticed a +0 short sword
  2156 | D:3      | Noticed a +0 falchion
  2156 | D:3      | Noticed a +0 dagger
  2156 | D:3      | Noticed a +0 short sword
  2156 | D:3      | Noticed a +0 falchion
  2168 | D:3      | Noticed a +0 spear
  2169 | D:3      | Noticed a +0 spear
  2219 | D:3      | You fall into a shaft and drop 1 floor!
  2478 | D:3      | Reached skill level 1 in Stealth
  2978 | D:3      | Reached XP level 5. HP: 36/42 MP: 10/10
  3348 | D:4      | Noticed Robin
  3409 | D:4      | Killed Robin
  3583 | D:4      | Reached skill level 5 in Long Blades
  3601 | D:4      | Reached XP level 6. HP: 51/51 MP: 11/11
  3987 | D:4      | Reached skill level 6 in Long Blades
  3991 | D:4      | Learned a level 3 spell: Teleport Other
  4231 | D:5      | Entered Level 5 of the Dungeon
  4491 | D:5      | Reached XP level 7. HP: 20/57 MP: 13/13
  4696 | D:5      | Identified the +3 scale mail "Jerugg" {rElec}
  4775 | D:5      | Identified the +1 robe "Muapei Cuir" {rF++ rN++ Str-5}
  5214 | D:6      | Noticed a wraith
  5277 | D:6      | Noticed Duvessa
  5278 | D:6      | Noticed Dowan
  5400 | D:6      | Found a sand-covered staircase.
  5409 | Ossuary  | Entered an ossuary
  5736 | Ossuary  | Noticed Menkaure
  5789 | Ossuary  | Killed Menkaure
  5951 | D:6      | Reached XP level 8. HP: 62/66 MP: 14/14
  5952 | D:6      | Reached skill level 5 in Ranged Weapons
  6126 | D:5      | Reached skill level 5 in Fighting
  6235 | D:6      | Killed Duvessa
  6249 | D:6      | Killed Dowan
  6734 | D:7      | Reached skill level 7 in Long Blades
  6750 | D:7      | Reached XP level 9. HP: 69/74 MP: 15/15
  6766 | D:7      | Found a flagged portal.
  6778 | Bailey   | Entered a bailey
  6800 | Bailey   | Shot with a bolt by an orc warrior

Illustrated notes

Levels and vault maps discovered:
D:1:      psy_arrival_basics, layout_rooms, grunt_decor_cap,
          roderic_filled_cross
D:2:      layout_basic, minivault_5
D:3:      minmay_general_purpose_star, layout_loops_ring, doesnt_xom_only_xom,
          nicolae_tso_swordbearing_angel, nicolae_uskayaw_en_pointe,
          minmay_snake_closets
D:4:      layout_gridville, makhleb_heckhound_becter, chei_slow_surprise,
          minmay_misc_feat_encased, uniq_robin
D:5:      layout_loops_ring
D:6:      layout_rooms, nicolae_ossuary_entry_monument, gup_sewer_entry_spiral,
          uniq_duvessa
D:7:      layout_gridville, minmay_temple_entry_drinking_statues, enter_bailey_2
Bailey:   bailey_polearm_2, bailey

Skill      XL: |  1  2  3  4  5  6  7  8 |
---------------+-------------------------+-----
Fighting       | 2 3 4 5 |  5.0
Long Blades    | 2 3 4 5 6 7 |  7.6
Dodging        | 2 3 4 |  4.0
Stealth        | 1 |  1.0
Spellcasting   | 2 |  2.0
Translocations | 3 |  3.0
Ranged Weapons | 4 6 |  6.0
Throwing       | |  0.8
Armour         | |  0.8

Action                     |  1- 3 |  4- 6 |  7- 9 || total
---------------------------+-------+-------+-------++-------
  Melee: Falchion          |   160 |   109 |    22 ||   291
         Punch             |     1 |     5 |     5 ||    11
         Dagger            |       |   104 |   140 ||   244
   Fire: Shortbow          |       |       |   298 ||   298
         Sling             |       |       |    15 ||    15
  Throw: Dart              |       |     6 |     8 ||    14
   Cast: Blink             |       |       |     1 ||     1
         Teleport Other    |       |       |     1 ||     1
    Use: Scroll            |       |     4 |     2 ||     6
         Potion            |       |       |     5 ||     5
   Stab: Sleeping          |     2 |     6 |       ||     8
         Distracted        |       |     2 |       ||     2
 Armour: Leather armour    |    66 |    62 |    82 ||   210
  Dodge: Dodged            |   114 |   122 |   215 ||   451

Table legend: (Time is in decaauts)
 A = Elapsed time spent in this place.
 B = Non-inter-level travel time spent in this place.
 C = Inter-level travel time spent in this place.
 D = Time resting spent in this place.
 E = Time spent auto-exploring this place.
 F = Levels seen in this place.
 G = Mean time per level.
                   A        B        C        D        E       F      G
               +--------+--------+--------+--------+--------+-----+--------+
         Total |   6969 |   6248 |    721 |    534 |   2913 |   9 |  774.3 |
       Dungeon |   6383 |   5662 |    721 |    534 |   2913 |   7 |  911.9 |
       Ossuary |    561 |    561 |      0 |      0 |      0 |   1 |  561.0 |
        Bailey |     23 |     23 |      0 |      0 |      0 |   1 |   23.0 |
               +--------+--------+--------+--------+--------+-----+--------+

Top non-repeatable levels by time:
     D:3: 1313 daAuts
     D:4: 1228 daAuts
     D:2: 1091 daAuts
     D:5: 966 daAuts
     D:1: 886 daAuts
     D:6: 813 daAuts
 Ossuary: 561 daAuts
     D:7: 84 daAuts
  Bailey: 23 daAuts
